 Dungeon Crawl Stone Soup version 0.26-a0-597-gb535b0901c (webtiles) character file.

Game seed: 1303686167019257494

56 Fingolfin the Digger (level 3, -6/22 HPs)
             Began as a Gargoyle Earth Elementalist on Sept 11, 2020.
             Mangled by Crazy Yiuf
             ... wielding a +3 quarterstaff of chaos
              (15 damage)
             ... on level 2 of the Dungeon.
             The game lasted 00:05:02 (1268 turns).

Fingolfin the Digger (Gargoyle Earth Elementalist)  Turns: 1268, Time: 00:05:02

Health: -6/22      AC:  5    Str: 11    XL:     3   Next: 97%
Magic:  3/6        EV: 12    Int: 16    God:
Gold:   90         SH:  0    Dex: 10    Spells: 0/6 levels left

rFire    . . .     SeeInvis .   f - +0 short sword
rCold    . . .     Faith    .   (no shield)
rNeg     + . .     Spirit   .   c - +0 robe
rPois    ∞         Reflect  .   (no helmet)
rElec    +         Harm     .   (no cloak)
rCorr    .                      (no gloves)
MR       .....                  (no boots)
Stlth    ++........             (no amulet)
HPRegen  0.07/turn              k - ring of wizardry
MPRegen  0.10/turn              (no ring)

@: no status effects
A: negative energy resistance 1, electricity resistance, unbreathing,
petrification resistance, rot immunity, AC +3
a: no special abilities


You were on level 2 of the Dungeon.
You visited 1 branch of the dungeon, and saw 2 of its levels.

You collected 90 gold pieces.

Inventory:

Hand Weapons
 f - a +0 short sword (weapon)
Missiles
 b - 80 stones (quivered)
 e - 19 poisoned darts
Armour
 c - a +0 robe (worn)
Jewellery
 k - a ring of wizardry (left hand)
Scrolls
 d - 5 scrolls of identify {unknown}
 h - a scroll of teleportation {unknown}
Potions
 a - 3 potions of curing
 g - a potion of brilliance {unknown}
 i - a potion of stabbing {unknown}
 j - a potion of might {unknown}


   Skills:
 - Level 2.4 Fighting
 - Level 1.5 Dodging
 - Level 2.1 Stealth
 + Level 2.3 Spellcasting
 * Level 1.2 Conjurations
 - Level 0.7 Transmutations
 * Level 4.2 Earth Magic


You couldn't memorise any spells.
You knew the following spells:

 Your Spells              Type           Power        Failure   Level
a - Sandblast             Erth           ###...       1%          1
b - Passwall              Tmut/Erth      #.......     4%          2
c - Stone Arrow           Conj/Erth      ##....       9%          3

Your spell library contained the following spells:

 Spells                   Type           Power        Failure   Level
 Petrify                  Tmut/Erth      #.......     28%         4
 Lee's Rapid Deconstruct  Erth           ###.......   36%         5


Dungeon Overview and Level Annotations

Branches:
Dungeon (2/15)

Altars:

Annotations:
D:2 Crazy Yiuf


Innate Abilities, Weirdness & Mutations

You are resistant to torment.
Your stone body is resilient. (AC +3)
You are immune to poison.
You resist negative energy. (rN+)
You are resistant to electric shocks. (rElec)
You can survive without breathing.
You are immune to petrification.
You are immune to rotting.


Message History

The blast of sand hits Crazy Yiuf but does no damage.
b - 81 stones Crazy Yiuf hits you with a +3 quarterstaff of chaos!
Casting: Sandblast (safe; 1% risk of failure)
Confirm with . or Enter, or press ? or * to list all spells.
Aiming: Sandblast (safe; 1% risk of failure)
Press: ? - help, Shift-Dir - straight line, f/p - Crazy Yiuf
Aim: Crazy Yiuf, wielding a +3 quarterstaff of chaos and wearing a +0 cloak The blast of sand hits Crazy Yiuf.
Crazy Yiuf is moderately wounded.
b - 80 stones Crazy Yiuf hits you with a +3 quarterstaff of chaos!
Ouch! That really hurt!
* * * LOW HITPOINT WARNING * * *
Crazy Yiuf whimpers, "Flower snockshim song!"
It was a potion of curing.
You feel better.
Crazy Yiuf hits you with a +3 quarterstaff of chaos.
Space warps horribly around you!
Ouch! That really hurt!
You die...

#.#.# #..)#
######.....
##..>#
#...#
#.....
#...## ...
#.....
####'####
#'# #.....
#.......#
♣♣.♣ ##....
#.♣♣.♣♣.#
♣.♣♣ ##....
#.♣.♣.♣.#
♣♣.♣ #.....
#..♣8♣..#
♣g♣♣
######....>
#.♣.♣.♣.#
♣♣@♣♣
#..........
#.♣♣.♣♣.#
♣...♣♣
#.#####....
#.......#
♣....♣ #.#
##...
#########
#....# #.#
####
##..#####.#
#........#
##...#####
#####


You could see Crazy Yiuf.

Vanquished Creatures
  2 adders (D:2)
  An ooze (D:1)
  2 worms (D:2)
  2 leopard geckos
  4 bats
  2 giant cockroaches (D:1)
  4 goblins
  2 hobgoblins (D:2)
  5 kobolds
  A frilled lizard (D:2)
  A rat (D:1)
26 creatures vanquished.

Notes
Turn   | Place    | Note
-------+----------+-------------------------------------------
     0 | D:1      | Fingolfin the Gargoyle Earth Elementalist began the quest
                  | for the Orb.
     0 | D:1      | Reached XP level 1. HP: 10/10 MP: 3/3
    56 | D:1      | Reached skill level 1 in Fighting
   242 | D:1      | Reached XP level 2. HP: 17/17 MP: 1/5
   246 | D:1      | Learned a level 2 spell: Passwall
   753 | D:2      | Reached XP level 3. HP: 22/22 MP: 2/6
   759 | D:2      | Learned a level 3 spell: Stone Arrow
   860 | D:2      | Reached skill level 4 in Earth Magic
   952 | D:2      | Reached skill level 1 in Conjurations
  1256 | D:2      | Found a runed translucent door.
  1257 | D:2      | Noticed Crazy Yiuf
  1263 | D:2      | HP: 1/22 [Crazy Yiuf/+3 quarterstaff of chaos (11)]
  1268 | D:2      | Mangled by Crazy Yiuf

Illustrated notes

Levels and vault maps discovered:
D:1:      saegor_arrival_under_anarchy, layout_rooms, minmay_fountain_box,
          st_stairs_10, minmay_misc_feat_roman
D:2:      layout_rooms, kennysheep_generic_room_9, uniq_crazy_yiuf_cottage

Skill      XL: |  1  2  3 |
---------------+----------+-----
Fighting       | 2 |  2.4
Earth Magic    | 4 |  4.2
Conjurations   | 1 |  1.2
Dodging        | |  1.5
Stealth        | |  2.1
Spellcasting   | |  2.3
Transmutations | |  0.7

Action                   || total
-------------------------++-------
Melee: Unarmed           ||    28
       Short sword       ||     5
 Cast: Sandblast         ||    36
  Use: Potion            ||     1
 Stab: Sleeping          ||     1
Armor: Robe              ||    16
Dodge: Dodged            ||    29

Table legend: (Time is in decaauts)
 A = Elapsed time spent in this place.
 B = Non-inter-level travel time spent in this place.
 C = Inter-level travel time spent in this place.
 D = Time resting spent in this place.
 E = Time spent auto-exploring this place.
 F = Levels seen in this place.
 G = Mean time per level.
                   A        B        C        D        E       F      G
               +--------+--------+--------+--------+--------+-----+--------+
         Total |   1267 |   1233 |     34 |    204 |    805 |   2 |  633.5 |
       Dungeon |   1267 |   1233 |     34 |    204 |    805 |   2 |  633.5 |
               +--------+--------+--------+--------+--------+-----+--------+

Top non-repeatable levels by time:
     D:1: 655 daAuts
     D:2: 612 daAuts
